 Dungeon Crawl Stone Soup version 0.31.0-32-g396128a36d (webtiles) character file.

Game seed: 5149174294655009881

475 HumanPerson the Sneak (level 7, -1/43 HPs)
             Began as an Octopode Enchanter on Mar 12, 2024.
             Was a Follower of Uskayaw.
             Slain by a gnoll
             ... wielding a +2 flail of protection
              (12 damage)
             ... on level 5 of the Dungeon.
             The game lasted 00:13:33 (4123 turns).

HumanPerson the Sneak (Octopode Enchanter)          Turns: 4123, Time: 00:13:34

Health: -1/43      AC:  1    Str:  7    XL:     7   Next: 10%
Magic:  7/10       EV: 13    Int: 18    God:    Uskayaw [*.....]
Gold:   232        SH:  0    Dex: 14    Spells: 3/11 levels left

rFire   . . .        a - +1 dagger
rCold   . . .        (no shield)
rNeg    . . .        (helmet restricted)
rPois   .            (no amulet)
rElec   .            (no ring)
rCorr   .            (no ring)
SInv    .            (no ring)
Will    .....        (no ring)
Stlth   +++++        (no ring)
HPRegen 0.27/turn    (no ring)
MPRegen 0.12/turn    (no ring)
                     (no ring)

%: no passive effects
@: confusing by touch
A: almost no armour, amphibious, 8 rings, camouflage 1, gelatinous body 1,
(nimble swimmer 1), tentacles
a: Renounce Religion, Stomp


You were on level 5 of the Dungeon.
You worshipped Uskayaw.
Uskayaw was noncommittal.
You visited 2 branches of the dungeon, and saw 7 of its levels.

You collected 232 gold pieces.

Inventory:

Hand Weapons
 a - a +1 dagger (weapon)
Jewellery
 k - a ring of fire
Talismans
 l - a flux talisman
Scrolls
 b - a scroll of acquirement {unknown}
 c - a scroll of vulnerability {unknown}
 d - a scroll of summoning {unknown}
 e - a scroll of fear {unknown}
 g - a scroll of torment {unknown}
 j - a scroll of revelation
 n - a scroll of noise {unknown}
Potions
 f - 2 potions of curing {unknown}
 h - 2 potions of mutation {unknown}
 i - 3 potions of degeneration {unknown}
 o - a potion of brilliance {unknown}


   Skills:
 + Level 1.2 Fighting
 + Level 3.1 Short Blades
 + Level 2.5 Dodging
 + Level 7.8 Stealth
 + Level 2.5 Spellcasting
 + Level 3.8 Hexes
 - Level 0.3 Ice Magic
 * Level 1.5 Shapeshifting


You had 3 spell levels left.
You knew the following spells:

 Your Spells              Type           Power      Damage    Failure   Level
a - Ensorcelled Hibernat  Hex/Ice        18%        N/A       11%         2
b - Confusing Touch       Hex            16%        N/A       11%         3
c - Dazzling Flash        Conj/Hex       18%        N/A       24%         3

Your spell library contained the following spells:

 Spells                   Type           Power      Damage    Failure   Level
 Tukima's Dance           Hex            16%        N/A       11%         3
 Inner Flame              Hex/Fire       9%         N/A       24%         3
 Sublimation of Blood     Necr           2%         N/A       26%         2
 Hailstorm                Conj/Ice       2%         3d5       43%         3
 Summon Ice Beast         Ice/Summ       2%         N/A       43%         3
 Gell's Gravitas          Tloc           2%         N/A       45%         3
 Teleport Other           Tloc           2%         N/A       45%         3
 Flame Wave               Conj/Fire      2%         2d4       86%         4
 Petrify                  Alch/Erth      2%         N/A       86%         4
 Sticky Flame             Fire/Alch      2%         2d4       86%         4
 Irradiate                Conj/Alch      1%         3d12      99%         5
 Dispersal                Tloc           1%         N/A       100%        6
 Sculpt Simulacrum        Ice/Alch       1%         N/A       100%        6


Dungeon Overview and Level Annotations

Branches:
Dungeon (6/15)             Temple (1/1) D:5

Altars:
Ashenzari
Cheibriados
Dithmenos
Elyvilon
Fedhas
Gozag
Kikubaaqudgha
Makhleb
Nemelex Xobeh
Qazlal
Ru
Uskayaw
Vehumet
Wu Jian
Zin


Innate Abilities, Weirdness & Mutations

You cannot wear most types of armour.
You are amphibious.
You can wear up to eight rings at the same time.
Your skin changes colour to match your surroundings (Stealth+).
Your rubbery body absorbs attacks. (AC +1, EV +1)
((You are camouflaged when in or above water. (Stealth+)))
You have tentacles for arms and can constrict up to eight enemies at once.


Message History

You hit the gnoll but do no damage.
The gnoll is heavily wounded.
You constrict the gnoll, but do no damage.
The gnoll closely misses you.
You hit the gnoll but do no damage.
The gnoll is heavily wounded.
You constrict the gnoll, but do no damage.
The gnoll hits you with a +0 flail.
You hit the gnoll but do no damage.
The gnoll is heavily wounded.
You constrict the gnoll. The gnoll hits you with a +0 flail!
* * * LOW HITPOINT WARNING * * *
You hit the gnoll but do no damage. You squeeze the gnoll.
You kill the gnoll!
You can now pass through a line of other dancers.
A gnoll comes into view.
It is wielding a +2 flail of protection.
Found 11 gold pieces.
You see here a +0 flail.
A gnoll is nearby!
You can no longer pass through a line of other dancers.
The gnoll shouts!
A gnoll is nearby!
A gnoll is nearby!
A gnoll is nearby!
A gnoll is nearby!
There is an open door here.
There is a stone staircase leading down here.
You climb downwards.
There is a stone staircase leading up here.
You start resting.
A howler monkey comes into view.
You climb upwards.
The gnoll hits you with a +2 flail of protection! x2
* * * LOW HITPOINT WARNING * * *
There is a stone staircase leading down, spattered with blood here.
Casting: Ensorcelled Hibernation (safe; 11% risk of failure)
Confirm with . or Enter, or press ? or * to list all spells.
Your tentacles begin to glow red.
The gnoll hits you with a +2 flail of protection!
You die...

..##.# ##########.# ..##.# #.#
..##.# #.# ..##.# #.# ..##.# #.#
.....# ###.############ ..####
#.g...gg........
..################g#.############
8...............@#.#.#
..########.#####g#.#.#
8................#.#.#
...#######.#####'#.#.# 8..... #.#
#...g.#.# ...### #.#
#....[#.####### ##.# #.#
#.............. .# #.#
#....##.####### .# #.# #....##.#


You could see 2 gnolls.

Vanquished Creatures
  An ogre (D:4)
  A phantom (D:4)
  A bombardier beetle (D:5)
  2 hounds
  5 gnolls
  9 adders
  An adder skeleton (D:2)
  4 dart slugs
  6 orcs
  9 ball pythons
  A bat skeleton (D:2)
  5 endoplasms
  2 giant cockroaches
  9 goblins
  5 hobgoblins
  2 jackals (D:1)
  6 kobolds
  5 quokkas
  4 bats
  2 frilled lizards (D:3)
  A jackal skeleton (D:2)
  3 quokka skeletons (D:2)
  5 rats
89 creatures vanquished.

Notes
Turn   | Place    | Note
-------+----------+-------------------------------------------
     0 | D:1      | HumanPerson the Octopode Enchanter began the quest for the
                  | Orb.
     0 | D:1      | Reached XP level 1. HP: 11/11 MP: 3/3
   178 | D:1      | Reached XP level 2. HP: 17/17 MP: 5/5
   782 | D:1      | Learned a level 2 spell: Ensorcelled Hibernation
   902 | D:2      | Reached skill level 5 in Stealth
   902 | D:2      | Reached XP level 3. HP: 17/21 MP: 6/6
  1205 | D:2      | Reached XP level 4. HP: 27/27 MP: 7/7
  1313 | D:2      | Learned a level 3 spell: Confusing Touch
  1688 | D:3      | HP: 1/27 [gnoll/+0 whip (9)]
  1813 | D:2      | Reached XP level 5. HP: 31/31 MP: 3/8
  2092 | D:3      | Found a stormy altar of Qazlal.
  2093 | D:3      | Found a white marble altar of Elyvilon.
  2097 | D:3      | Found an ancient bone altar of Kikubaaqudgha.
  2099 | D:3      | Found an opulent altar of Gozag.
  2224 | D:3      | Learned a level 3 spell: Dazzling Flash
  2266 | D:3      | Reached skill level 6 in Stealth
  2532 | D:3      | Found a faded altar of an unknown god.
  2804 | D:4      | Found a shadowy altar of Dithmenos.
  2859 | D:4      | Noticed an ogre
  2862 | D:4      | Killed an ogre
  2863 | D:4      | Reached skill level 1 in Fighting
  2863 | D:4      | Reached XP level 6. HP: 38/38 MP: 9/9
  2999 | D:4      | Reached skill level 7 in Stealth
  3286 | D:4      | Reached skill level 1 in Shapeshifting
  3459 | D:5      | Entered Level 5 of the Dungeon
  3599 | D:5      | Reached XP level 7. HP: 43/43 MP: 10/10
  3832 | D:5      | Found a staircase to the Ecumenical Temple.
  3840 | Temple   | Entered the Ecumenical Temple
  3869 | Temple   | Became a worshipper of Uskayaw the Reveller
  4005 | D:5      | Reached * piety under Uskayaw
  4015 | D:5      | Reached ** piety under Uskayaw
  4123 | D:5      | Slain by a gnoll

Illustrated notes

Levels and vault maps discovered:
D:1:      amcnicky_arrival_single_pillar, layout_loops_ring,
          chequers_serial_rivers_micro_c, minmay_misc_feat_iff,
          minmay_hedge_maze, chequers_serial_rivers_large_a,
          minmay_crystal_room, grunt_decor_mini_mirrors,
          chequers_serial_rivers_small_a
D:2:      layout_loops_ring, serial_undead, serial_undead_f, serial_undead_a,
          serial_undead_d, serial_undead_d
D:3:      layout_rooms, nicolae_overflow_macrodata_refinement,
          chequers_ecumenical_altar_lobes, minmay_mini_jars
D:4:      layout_loops_cross, mainiacjoe_overflow_surrounded_room
D:5:      layout_basic, minmay_temple_entry_statues_fountains
D:6:      layout_rooms, mainiacjoe_overflow_small_starburst, minmay_diced_spiral
Temple:   dpeg_chambers_temple

Skill      XL: |  1  2  3  4  5  6 |
---------------+-------------------+-----
Stealth        | 5 6 7 |  7.8
Short Blades   | 2 3 |  3.1
Fighting       | 1 |  1.2
Shapeshifting  | 1 |  1.5
Dodging        | |  2.5
Spellcasting   | |  2.5
Hexes          | |  3.8
Ice Magic      | |  0.3

Action                     |  1- 3 |  4- 6 |  7- 9 || total
---------------------------+-------+-------+-------++-------
  Melee: Dagger            |    48 |   121 |    21 ||   190
         Constrict         |    11 |    21 |     6 ||    38
         Tentacles         |    10 |    16 |     4 ||    30
         Punch             |       |     3 |       ||     3
   Cast: Ensorcelled Hiber |       |    11 |     4 ||    15
         Confusing Touch   |       |       |     1 ||     1
    Use: Potion            |       |     2 |       ||     2
         Scroll            |       |     2 |     1 ||     3
   Stab: Sleeping          |    16 |    23 |     1 ||    40
         Distracted        |     1 |       |       ||     1
 Armour: Skin              |    13 |    45 |    18 ||    76
  Dodge: Dodged            |    22 |    60 |    14 ||    96
